Unix NetHack Version 3.7.0-94 Work-in-progress - last build Dec 18 2023 00:11:04 (7e3deff068b9ef4f2ebb9a71ea0f5c4a3b578a14,branch:master). Game began 2023-12-23 20:14:42, ended 2023-12-23 21:11:46. proxxiSWE, lawful male human Archeologist ---- -- |..| -.-- --- --..-- .... ..--- -....-- ...--... ..... ....-..-- -...--- -.....---.....| -...........-- |....*.......| | --...--......| --- ---- # |...||.....-| .. |...- |. -- ---...|-......| -......# |. #.--..#--|.......--- ......##.# -....| --...|....| ......# --...| |..----..| -.....# |..[- ---- --)-- --- |.....#-#|..#*# |..----.-- -.#..%#a@###[#########`[.))..<.| ---#.# a # --.--.---- -#- ## ------ ProxxiSWE the Investigator St:13 Dx:10 Co:17 In:14 Wi:14 Ch:12 Lawful S:7128 Dlvl:6 $:64 HP:0(63) Pw:45(45) AC:-1 Xp:7/1214 T:6918 Burdened Latest messages: The dwarf hits the dog. The dog bites it. The dog eats a dwarf corpse. With great effort you move the boulder. You swap places with your dog. You see here a hooded cloak. You see here 8 rocks. The dog bites it. It misses the dog. You start digging. You hit the rock with all your might. The dog bites it. It misses the dog. You stop digging. The dog bites the brown pudding. The brown pudding misses the dog. The brown pudding divides as you hit it! The dog misses the brown pudding. The dog bites the brown pudding. The brown pudding is killed! Your dog grows up into a large dog. The large dog bites the brown pudding. The brown pudding is killed! You swap places with your large dog. You see here a small glob of brown pudding. There is a small glob of brown pudding here; eat it? [ynq] (n) y You have a very bad case of stomach acid. You stop eating the small glob of brown pudding. The large dog bites the soldier ant. The soldier ant misses the large dog. The soldier ant misses the large dog. The large dog drops a hooded cloak. The large dog misses the soldier ant. The large dog bites the soldier ant. The soldier ant misses the large dog. The soldier ant misses the large dog. You hear some noises. The soldier ant bites! The soldier ant stings! The soldier ant bites! The soldier ant stings! The soldier ant bites! The soldier ant stings! It misses the soldier ant. The soldier ant just misses! The soldier ant stings! The soldier ant bites! The soldier ant stings! You die... Do you want your possessions identified? [ynq] (y) q Inventory: Coins $ - 64 gold pieces Weapons a - a +2 bullwhip Armor i - an uncursed +0 orcish helm (being worn) L - an uncursed +0 pair of kicking boots n - a blessed rotted +1 pair of low boots (being worn) q - an uncursed +0 cloak of protection (being worn) M - a blessed +1 elven cloak m - an uncursed +0 banded mail (being worn) Comestibles H - an uncursed apple d - 7 uncursed food rations D - an uncursed tin of spinach Scrolls X - an uncursed scroll of enchant weapon I - an uncursed scroll of teleportation Potions k - 2 uncursed potions of healing z - an uncursed potion of water Rings O - an uncursed ring of polymorph control Y - an uncursed ring of protection from shape changers Wands l - a cursed wand of make invisible named make invis (0:4) x - a wand of speed monster (0:3) Tools B - an uncursed sack containing 1 item w - an uncursed magic whistle p - a +0 pick-axe (weapon in right hand) b - an uncursed tallow candle f - a tinning kit (0:59) U - an uncursed towel u - a +0 unicorn horn e - an uncursed wax candle Gems/Stones c - an uncursed garnet stone A - an uncursed luckstone t - an uncursed touchstone Contents of the sack: 1898 gold pieces ProxxiSWE the Archeologist's attributes: Background: You were an Investigator, a level 7 male human Archeologist. You were lawful, on a mission for Quetzalcoatl who was opposed by Camaxtli (neutral) and Huhetotl (chaotic). You were right-handed. You were in the Gnomish Mines, on level 6. You entered the dungeon 6918 turns ago. You had 1214 experience points, 66 more were needed to attain level 8. Your score was 7128 before end-of-game adjustments. Basics: You had 0 out of 63 hit points. You had all 45 energy points (spell power). Your armor class was -1. Your wallet contained 64 zorkmids, and you had 1898 more stashed away in your pack. Autopickup was on for '$!?/="' plus thrown. Final Characteristics: Your strength was 13 (peak:15, limit:18/100). Your dexterity was 10 (limit:18). Your constitution was 17 (peak:18, limit:18). Your intelligence was 14 (limit:18). Your wisdom was 14 (limit:18). Your charisma was 12 (limit:18). Final Status: You weren't hungry. You were burdened; movement was slightly slowed. You were wielding a pick-axe. You had expert skill with pick-axe. Final Attributes: You were piously aligned. You were telepathic. You had automatic searching. You were stealthy. You were protected. You were lucky. You had extra luck. Bad luck did not time out for you. Good luck did not time out for you. You are dead. Miscellaneous: You never encountered a bones level. Total elapsed playing time was 57 minutes and 2 seconds. Major events: Turn 1: proxxiSWE the lawful male human Archeologist entered the dungeon 708: attained the rank of Field Worker (level 3) 1518: attained the rank of Investigator (level 6) 2653: entered the Gnomish Mines 6918: killed by a soldier ant Vanquished creatures: a large dog a leprechaun 2 brown puddings a dingo a black unicorn a gnome mummy a snake 4 human zombies a Woodland-elf a fire ant 4 Uruk-hai 3 rock piercers 3 rock moles a pony 18 fog clouds a violet fungus 3 gnome leaders a black naga hatchling a gray ooze an elf zombie 2 straw golems a giant ant 3 floating eyes 4 dwarves a kobold leader 20 hill orcs a rothe a centipede a giant bat 3 iguanas 2 killer bees an acid blob 5 coyotes 2 hobbits 8 cave spiders a brown mold a red mold 11 gnomes 5 garter snakes a gnome zombie 5 geckos 7 jackals a fox a kobold 3 goblins 6 grid bugs 5 lichens 2 kobold zombies 6 newts 160 creatures vanquished. No species were genocided or became extinct. Voluntary challenges: You read items or engraved 3 times. You never engraved Elbereth. You never genocided any monsters. You never polymorphed an object. You never changed form. You used no wishes. Achievements: You attained the rank of Field Worker. You attained the rank of Investigator. You entered the Gnomish Mines. You entered a shop. The Dungeons of Doom: levels 1 to 6 Level 1: Level 2: Some fountains. Level 3: An altar. Level 4: A delicatessen, a fountain. Stairs down to The Gnomish Mines. Level 5: Many fountains. Level 6: The Gnomish Mines: levels 5 to 6 Level 5: Level 6: <- You were here. Final resting place for you, killed by a soldier ant. Game over: ---------- / \ / REST \ / IN \ / PEACE \ / \ | proxxiSWE | | 1962 Au | | killed by a | | soldier ant | | | | | | 2023 | *| * * * | * _________)/\\_//(\/(/\)/\//\/|_)_______ Goodbye proxxiSWE the Archeologist... You died in The Gnomish Mines on dungeon level 6 with 6932 points, and 1962 pieces of gold, after 6918 moves. You were level 7 with a maximum of 63 hit points when you died.